 Dungeon Crawl Stone Soup version 0.28.0-1-gb440e238dd (webtiles) character file.

Game seed: 5080107707166178447

102 zeram the Covered (level 4, 0/29 HPs)
             Began as a Gargoyle Fighter on Feb 26, 2022.
             Hit by a stone thrown by a kobold (2 damage)
             ... on level 2 of the Dungeon.
             The game lasted 00:02:06 (2161 turns).

zeram the Covered (Gargoyle Fighter)                Turns: 2161, Time: 00:02:07

Health: 0/29       AC: 11    Str: 22    XL:     4   Next: 77%
Magic:  4/4        EV:  8    Int:  8    God:
Gold:   53         SH:  8    Dex:  9    Spells: 3/3 levels left

rFire   . . .      SeeInvis .   a - +0 flail
rCold   . . .      Faith    .   g - +0 kite shield
rNeg    + . .      Spirit   .   b - +0 scale mail
rPois   ∞          Reflect  .   (no helmet)
rElec   +          Harm     .   (no cloak)
rCorr   .          Rampage  .   h - +0 pair of gloves
Will    .....                   (no boots)
Stlth   ..........              (no amulet)
HPRegen 0.09/turn               (no ring)
MPRegen 0.09/turn               (no ring)

@: slowed, very slow
A: sickness immunity, AC +3, negative energy resistance 1, electricity
resistance, torment resistance 1, petrification resistance
a: no special abilities


You were on level 2 of the Dungeon.
You visited 1 branch of the dungeon, and saw 2 of its levels.

You collected 53 gold pieces.

Inventory:

Hand Weapons
 a - a +0 flail (weapon)
Armour
 b - a +0 scale mail (worn)
 c - a +0 buckler
 g - a +0 kite shield (worn)
 h - a +0 pair of gloves (worn)
Scrolls
 e - 2 scrolls of enchant weapon {unknown}
 f - a scroll of fear


   Skills:
 + Level 3.8 Fighting
 + Level 3.1 Maces & Flails
 + Level 4.1 Armour
 + Level 0.5 Dodging
 + Level 3.9 Shields


You had 3 spell levels left.
You didn't know any spells.
Your spell library was empty.

Dungeon Overview and Level Annotations

Branches:
Dungeon (2/15)

Altars:

Annotations:
D:2 Natasha


Innate Abilities, Weirdness & Mutations

You are immune to sickness and miasma.
Your stone body is resilient. (AC +3)
You are immune to poison.
You resist negative energy. (rN+)
You are resistant to electric shocks. (rElec)
You are resistant to unholy torment.
You are immune to petrification.


Message History

You sock the adder!
You kill the adder!
Natasha casts a spell at you.
You feel yourself slow down.
Natasha zaps a wand.
The puff of flame hits you.
The kobold throws a stone.
The stone completely misses you.
The kobold throws a stone.
The stone misses you.
Natasha casts a spell.
You hit Natasha.
Natasha is lightly wounded.
Natasha stares at you and mumbles some strange words.
The magic dart hits you but does no damage.
The kobold throws a stone.
The stone hits you but does no damage.
The kobold throws a stone.
You block the stone. Natasha casts a spell at you. The magic dart hits you!
Natasha claws you but does no damage.
It was a potion of curing.
You feel better.
Natasha casts a spell.
You barely miss Natasha.
Natasha is lightly wounded.
The crimson imp blinks!
Natasha claws you.
The quokka twitches its whiskers.
Natasha claws you but does no damage.
You barely miss Natasha.
Natasha is lightly wounded.
Natasha misses you. You block the crimson imp's attack.
Natasha zaps a wand.
The puff of flame hits you!
* * * LOW HITPOINT WARNING * * *
The crimson imp hits you.
* * * LOW HITPOINT WARNING * * *
You hit Natasha.
Natasha is moderately wounded.
Natasha mumbles some strange words.
The crimson imp closely misses you.
Natasha zaps a wand.
The puff of flame hits you.
* * * LOW HITPOINT WARNING * * *
The crimson imp blinks!
Natasha barely misses you.
You closely miss Natasha.
Natasha is moderately wounded.
The kobold throws a stone.
The stone hits you.
You die...

.................'÷.........#
..)..............#########..#
..........######## #..#
..........# ## ##.#
......)...# ###. #..
..........# #.. #...
######.#### #.# . #...#
..####.#######5######....
...#
.............5rh@.K..5...
#.#.##########K########.#
#.#.# #....S..... #.#.#
#..........
#.#.########.$........
#.#........#..........
#.########.#......5...
#.#........#..........
#.#.#####..#..........


You could see Natasha, a crimson imp (summoned), a white imp (summoned), a
shadow imp (summoned), a quokka and 2 kobolds.

Vanquished Creatures
  Natasha (D:2)
  4 adders (D:2)
  5 bats
  3 endoplasms (D:2)
  A giant cockroach (D:2)
  4 hobgoblins
  6 kobolds
  2 quokkas (D:1)
  5 ball pythons (D:1)
  3 frilled lizards (D:1)
  5 goblins
  4 rats
43 creatures vanquished.

Vanquished Creatures (others)
  A plant (D:1)
1 creature vanquished.

Grand Total: 44 creatures vanquished

Notes
Turn   | Place    | Note
-------+----------+-------------------------------------------
     0 | D:1      | zeram the Gargoyle Fighter began the quest for the Orb.
     0 | D:1      | Reached XP level 1. HP: 14/14 MP: 1/1
   282 | D:1      | Reached XP level 2. HP: 19/19 MP: 2/2
  1158 | D:2      | Reached XP level 3. HP: 24/24 MP: 3/3
  1601 | D:2      | Reached XP level 4. HP: 22/29 MP: 4/4
  1799 | D:2      | Noticed Natasha
  1809 | D:2      | Killed Natasha
  1810 | D:2      | Reached skill level 4 in Armour
  2131 | D:2      | Noticed Natasha
  2161 | D:2      | Hit by a stone thrown by a kobold

Illustrated notes

Levels and vault maps discovered:
D:1:      matt_arrival_spirals, layout_loops_ring, minmay_shallow_snake_nest
D:2:      layout_basic, st_stairs_6, minmay_tromino_v2, uniq_natasha

Skill      XL: |  1  2  3  4 |
---------------+-------------+-----
Armour         | 4 |  4.1
Maces & Flails | 3 |  3.1
Fighting       | |  3.8
Dodging        | |  0.5
Shields        | |  3.9

Action                   |  1- 3 |  4- 6 || total
-------------------------+-------+-------++-------
Melee: Flail             |   118 |    41 ||   159
  Use: Scroll            |     1 |       ||     1
       Potion            |       |     2 ||     2
Armor: Scale mail        |    67 |    20 ||    87
Dodge: Dodged            |    51 |    21 ||    72
Block: Buckler           |    10 |       ||    10
       Kite shield       |    47 |    24 ||    71
